2823 views
Uploaded 2020-02-08 17:17:29
Game version 1.32 / 1.32.1
25:23 long 4on4 ladder game on (8)GoldRush
Saved by iggythefisk
2823 views
Uploaded 2020-02-08 17:17:29
Game version 1.32 / 1.32.1
25:23 long 4on4 ladder game on (8)GoldRush


126 units @ 13k
/ 1.4k
230 buildings @ 28.3k
/ 16.1k


| Healing Salve | 2 | 200 |
| Lesser Clarity Potion | 1 | 70 |
| Orb of Lightning | 2 | 750 |
| Boots of Speed | 2 | 500 |
| Staff of Teleportation | 2 | 300 |
| Periapt of Vitality | 1 | 325 |
| total: | 10 | 2145g |
| Peon | 18 | 1350 | / | 0 |
| Troll Batrider | 12 | 1920 | / | 480 |
| total: | 30 | 3270g | / | 480w |
| Watch Tower | 50 | 5500 | / | 4000 |
| Altar of Storms | 1 | 180 | / | 50 |
| Orc Burrow | 3 | 480 | / | 120 |
| War Mill | 1 | 205 | / | 0 |
| Voodoo Lounge | 1 | 130 | / | 30 |
| Great Hall | 2 | 770 | / | 370 |
| Beastiary | 6 | 870 | / | 840 |
| Stronghold | 1 | 315 | / | 190 |
| Fortress | 1 | 325 | / | 190 |
| total: | 64 | 8135g | / | 5410w |
| 0:02 | Peon |
| 0:02 | Peon |
| 0:05 | Altar of Storms |
| 0:18 | Orc Burrow |
| 0:26 | Peon |
| 0:36 | Peon |
| 0:49 | War Mill |
| 0:52 | Peon |
| 1:06 | Voodoo Lounge |
| 1:12 | Peon |
| 1:26 | Peon |
| 1:29 | Orc Burrow |
| 1:36 | Peon |
| 1:54 | Peon |
| 1:59 | Watch Tower |
| 2:03 | Watch Tower |
| 2:06 | Wind Walk |
| 2:13 | Healing Salve |
| 2:21 | Peon |
| 2:25 | Watch Tower |
| 2:34 | Peon |
| 2:49 | Watch Tower |
| 3:00 | Peon |
| 3:00 | Peon |
| 3:05 | Watch Tower |
| 3:08 | Watch Tower |
| 3:22 | Watch Tower |
| 3:41 | Stronghold |
| 3:54 | Watch Tower |
| 4:08 | Watch Tower |
| 4:33 | Watch Tower |
| 4:36 | Watch Tower |
| 4:48 | Orc Burrow |
| 5:03 | Watch Tower |
| 5:07 | Watch Tower |
| 5:12 | Watch Tower |
| 5:35 | Boots of Speed |
| 5:35 | Staff of Teleportation |
| 5:44 | Watch Tower |
| 6:29 | Watch Tower |
| 6:33 | Watch Tower |
| 6:39 | Watch Tower |
| 6:41 | Critical Strike |
| 6:50 | Lesser Clarity Potion |
| 6:55 | Reinforced Defenses |
| 6:58 | Watch Tower |
| 7:02 | Watch Tower |
| 7:24 | Hex |
| 7:32 | Watch Tower |
| 7:37 | Watch Tower |
| 7:41 | Beastiary |
| 7:54 | Watch Tower |
| 8:19 | Watch Tower |
| 8:24 | Beastiary |
| 8:39 | Great Hall |
| 8:48 | Watch Tower |
| 9:00 | Watch Tower |
| 9:31 | Fortress |
| 10:01 | Watch Tower |
| 10:05 | Watch Tower |
| 10:19 | Troll Batrider |
| 11:04 | Watch Tower |
| 11:09 | Watch Tower |
| 11:12 | Peon |
| 11:12 | Peon |
| 11:12 | Peon |
| 11:12 | Peon |
| 11:14 | Healing Salve |
| 11:26 | Troll Batrider |
| 11:46 | Troll Batrider |
| 11:54 | Liquid Fire |
| 12:04 | Wind Walk |
| 12:05 | Healing Wave |
| 12:11 | Watch Tower |
| 12:29 | Watch Tower |
| 12:47 | Troll Batrider |
| 12:49 | Beastiary |
| 13:08 | Troll Batrider |
| 13:23 | Watch Tower |
| 13:51 | Watch Tower |
| 14:01 | Troll Batrider |
| 14:10 | Steel Ranged Weapons |
| 14:11 | Steel Armor |
| 15:01 | Watch Tower |
| 15:16 | Thorium Ranged Weapons |
| 15:31 | Watch Tower |
| 15:34 | Boots of Speed |
| 15:34 | Staff of Teleportation |
| 15:35 | Periapt of Vitality |
| 15:45 | Orb of Lightning |
| 16:12 | Troll Batrider |
| 16:14 | Beastiary |
| 16:17 | Beastiary |
| 16:19 | Beastiary |
| 16:27 | Watch Tower |
| 16:48 | Spiked Barricades |
| 16:54 | Watch Tower |
| 17:31 | Watch Tower |
| 17:36 | Troll Batrider |
| 18:24 | Watch Tower |
| 18:38 | Watch Tower |
| 19:01 | Healing Wave |
| 19:26 | Watch Tower |
| 19:28 | Watch Tower |
| 19:31 | Great Hall |
| 19:53 | Watch Tower |
| 19:54 | Watch Tower |
| 19:56 | Watch Tower |
| 19:59 | Watch Tower |
| 20:40 | Troll Batrider |
| 20:46 | Watch Tower |
| 20:53 | Watch Tower |
| 20:57 | Critical Strike |
| 21:14 | Troll Batrider |
| 21:41 | Orb of Lightning |
| 22:20 | Watch Tower |
| 23:39 | Hex |
| 23:52 | Troll Batrider |
| 24:13 | Troll Batrider |
| 24:26 | Arcanite Ranged Weapons |
| 24:59 | Improved Spiked Barricades |
| 25:18 | Peon |
| Right click | 1616 |
| Select | 498 |
| Select group | 420 |
| Misc. action | 137 |
| Use ability | 97 |
| Build/train/purchase | 81 |
| Assign group | 20 |
| Item give/drop | 3 |
| Esc | 2 |
| Minimap ping | 2 |
| Remove unit | 1 |



| Healing Salve | 3 | 300 |
| Lesser Clarity Potion | 6 | 420 |
| Orb of Lightning | 3 | 1125 |
| Boots of Speed | 3 | 750 |
| Staff of Teleportation | 3 | 450 |
| Circlet of Nobility | 2 | 350 |
| Periapt of Vitality | 1 | 325 |
| Staff of Sanctuary | 3 | 750 |
| Scroll of Regeneration | 1 | 100 |
| total: | 25 | 4570g |
| Peon | 17 | 1275 | / | 0 |
| Troll Batrider | 6 | 960 | / | 240 |
| total: | 23 | 2235g | / | 240w |
| Watch Tower | 66 | 7260 | / | 5280 |
| Altar of Storms | 1 | 180 | / | 50 |
| Orc Burrow | 3 | 480 | / | 120 |
| War Mill | 1 | 205 | / | 0 |
| Voodoo Lounge | 3 | 390 | / | 90 |
| Great Hall | 2 | 770 | / | 370 |
| Beastiary | 2 | 290 | / | 280 |
| Stronghold | 1 | 315 | / | 190 |
| Fortress | 1 | 325 | / | 190 |
| total: | 78 | 9575g | / | 6190w |
| 0:04 | Altar of Storms |
| 0:05 | Peon |
| 0:05 | Peon |
| 0:11 | Orc Burrow |
| 0:32 | Peon |
| 0:32 | Peon |
| 0:54 | War Mill |
| 1:03 | Voodoo Lounge |
| 1:12 | Peon |
| 1:20 | Peon |
| 1:44 | Peon |
| 1:44 | Peon |
| 1:56 | Peon |
| 2:03 | Peon |
| 2:07 | Shockwave |
| 2:10 | Peon |
| 2:40 | Orc Burrow |
| 3:05 | Watch Tower |
| 3:06 | Watch Tower |
| 3:32 | Peon |
| 3:32 | Peon |
| 3:56 | Watch Tower |
| 4:07 | Watch Tower |
| 4:26 | Watch Tower |
| 4:31 | Healing Salve |
| 4:31 | Lesser Clarity Potion |
| 4:34 | Stronghold |
| 4:36 | Spiked Barricades |
| 4:37 | Watch Tower |
| 4:40 | Watch Tower |
| 4:45 | Watch Tower |
| 4:48 | Lesser Clarity Potion |
| 4:48 | Healing Salve |
| 5:27 | Watch Tower |
| 5:36 | Watch Tower |
| 6:30 | Watch Tower |
| 6:35 | Watch Tower |
| 6:44 | Watch Tower |
| 6:44 | Watch Tower |
| 6:45 | Watch Tower |
| 6:46 | Watch Tower |
| 6:57 | Fortress |
| 7:16 | Boots of Speed |
| 7:56 | Watch Tower |
| 8:10 | Beastiary |
| 8:20 | Staff of Teleportation |
| 8:22 | Endurance Aura |
| 8:32 | Hex |
| 8:37 | Voodoo Lounge |
| 8:40 | Circlet of Nobility |
| 9:10 | Watch Tower |
| 9:17 | Orb of Lightning |
| 9:35 | Watch Tower |
| 9:35 | Watch Tower |
| 9:38 | Watch Tower |
| 9:39 | Watch Tower |
| 9:45 | Great Hall |
| 10:08 | Beastiary |
| 10:22 | Voodoo Lounge |
| 11:27 | Watch Tower |
| 11:32 | Reinforced Defenses |
| 11:34 | Watch Tower |
| 11:35 | Watch Tower |
| 11:37 | Watch Tower |
| 11:43 | Lesser Clarity Potion |
| 11:46 | Healing Salve |
| 11:57 | Watch Tower |
| 12:00 | Watch Tower |
| 12:32 | Peon |
| 12:32 | Peon |
| 12:32 | Peon |
| 12:33 | Peon |
| 12:41 | Boots of Speed |
| 13:07 | Healing Wave |
| 13:32 | Orc Burrow |
| 13:33 | Watch Tower |
| 13:34 | Watch Tower |
| 13:36 | Watch Tower |
| 13:36 | Watch Tower |
| 13:36 | Watch Tower |
| 13:54 | Staff of Sanctuary |
| 14:19 | Troll Batrider |
| 14:20 | Troll Batrider |
| 14:59 | Shockwave |
| 15:12 | Lesser Clarity Potion |
| 15:37 | Breath of Fire |
| 15:49 | Troll Batrider |
| 15:50 | Troll Batrider |
| 15:52 | Liquid Fire |
| 15:53 | Orb of Lightning |
| 15:59 | Staff of Sanctuary |
| 16:11 | Watch Tower |
| 16:12 | Watch Tower |
| 16:13 | Watch Tower |
| 16:14 | Watch Tower |
| 16:14 | Watch Tower |
| 17:18 | Drunken Brawler |
| 17:33 | Scroll of Regeneration |
| 17:36 | Lesser Clarity Potion |
| 17:46 | Lesser Clarity Potion |
| 17:55 | Orb of Lightning |
| 18:07 | Steel Ranged Weapons |
| 18:07 | Steel Armor |
| 18:23 | Staff of Teleportation |
| 18:23 | Boots of Speed |
| 18:29 | Watch Tower |
| 18:29 | Watch Tower |
| 18:30 | Watch Tower |
| 18:30 | Watch Tower |
| 18:31 | Watch Tower |
| 18:32 | Watch Tower |
| 18:42 | Hex |
| 18:53 | Great Hall |
| 19:13 | Thorium Ranged Weapons |
| 19:36 | Watch Tower |
| 19:36 | Watch Tower |
| 19:37 | Watch Tower |
| 19:39 | Watch Tower |
| 19:40 | Watch Tower |
| 19:41 | Watch Tower |
| 19:48 | Watch Tower |
| 19:48 | Watch Tower |
| 20:42 | Watch Tower |
| 20:42 | Watch Tower |
| 20:43 | Watch Tower |
| 20:44 | Watch Tower |
| 20:45 | Watch Tower |
| 20:46 | Watch Tower |
| 21:43 | Watch Tower |
| 21:43 | Watch Tower |
| 21:54 | Watch Tower |
| 22:16 | Endurance Aura |
| 22:41 | Troll Batrider |
| 22:59 | Staff of Sanctuary |
| 23:06 | Watch Tower |
| 23:06 | Watch Tower |
| 23:07 | Watch Tower |
| 23:08 | Watch Tower |
| 23:15 | Watch Tower |
| 23:19 | Troll Batrider |
| 23:21 | Arcanite Ranged Weapons |
| 23:21 | Thorium Armor |
| 23:53 | Breath of Fire |
| 24:21 | Staff of Teleportation |
| 24:24 | Circlet of Nobility |
| 24:27 | Periapt of Vitality |
| Right click | 1387 |
| Select group | 1204 |
| Select | 280 |
| Chat | 101 |
| Build/train/purchase | 87 |
| Use ability | 68 |
| Misc. action | 63 |
| Minimap ping | 21 |
| Assign group | 18 |
| Item give/drop | 10 |
| Esc | 8 |



| Scroll of Regeneration | 3 | 300 |
| Mechanical Critter | 2 | 100 |
| Lesser Clarity Potion | 1 | 70 |
| Staff of Sanctuary | 3 | 750 |
| Boots of Speed | 3 | 750 |
| Staff of Teleportation | 3 | 450 |
| Circlet of Nobility | 3 | 525 |
| Periapt of Vitality | 2 | 650 |
| Orb of Lightning | 3 | 1125 |
| Healing Salve | 1 | 100 |
| total: | 24 | 4820g |
| Peasant | 28 | 2100 | / | 0 |
| Dragonhawk Rider | 8 | 1600 | / | 240 |
| Gryphon Rider | 7 | 1960 | / | 490 |
| total: | 43 | 5660g | / | 730w |
| Scout Tower | 33 | 990 | / | 660 |
| Guard Tower | 23 | 1610 | / | 1150 |
| Arcane Tower | 4 | 280 | / | 200 |
| Altar of Kings | 1 | 180 | / | 50 |
| Lumber Mill | 1 | 120 | / | 0 |
| Farm | 17 | 1360 | / | 340 |
| Arcane Vault | 3 | 390 | / | 90 |
| Town Hall | 1 | 385 | / | 205 |
| Barracks | 1 | 160 | / | 60 |
| Blacksmith | 1 | 140 | / | 60 |
| Gryphon Aviary | 3 | 420 | / | 450 |
| Keep | 1 | 320 | / | 210 |
| Castle | 2 | 720 | / | 420 |
| total: | 61 | 4145g | / | 1915w |
| 0:02 | Peasant |
| 0:04 | Altar of Kings |
| 0:10 | Lumber Mill |
| 0:15 | Peasant |
| 0:18 | Farm |
| 0:28 | Peasant |
| 0:40 | Peasant |
| 0:48 | Farm |
| 0:54 | Peasant |
| 1:08 | Peasant |
| 1:17 | Improved Masonry |
| 1:17 | Advanced Masonry |
| 1:29 | Peasant |
| 1:34 | Peasant |
| 1:43 | Peasant |
| 1:53 | Peasant |
| 2:04 | Summon Water Elemental |
| 2:06 | Scout Tower |
| 2:16 | Peasant |
| 2:16 | Peasant |
| 2:38 | Scout Tower |
| 2:39 | Scout Tower |
| 2:46 | Scout Tower |
| 2:56 | Peasant |
| 2:57 | Scout Tower |
| 3:04 | Peasant |
| 3:08 | Guard Tower |
| 3:09 | Guard Tower |
| 3:39 | Peasant |
| 3:57 | Keep |
| 4:07 | Guard Tower |
| 4:13 | Arcane Tower |
| 5:03 | Arcane Vault |
| 5:09 | Scout Tower |
| 5:42 | Guard Tower |
| 5:51 | Farm |
| 5:54 | Scroll of Regeneration |
| 6:00 | Farm |
| 6:41 | Castle |
| 6:42 | Imbued Masonry |
| 6:42 | Improved Lumber Harvesting |
| 6:52 | Peasant |
| 6:52 | Peasant |
| 6:52 | Peasant |
| 6:52 | Peasant |
| 6:53 | Peasant |
| 7:25 | Storm Bolt |
| 7:27 | Scroll of Regeneration |
| 7:29 | Mechanical Critter |
| 7:30 | Mechanical Critter |
| 7:56 | Peasant |
| 8:08 | Scout Tower |
| 8:08 | Scout Tower |
| 8:09 | Scout Tower |
| 8:10 | Scout Tower |
| 8:31 | Castle |
| 8:38 | Arcane Tower |
| 8:54 | Brilliance Aura |
| 9:08 | Town Hall |
| 9:24 | Guard Tower |
| 9:36 | Scout Tower |
| 9:36 | Scout Tower |
| 9:37 | Scout Tower |
| 9:44 | Guard Tower |
| 9:57 | Scroll of Regeneration |
| 9:58 | Lesser Clarity Potion |
| 10:01 | Guard Tower |
| 10:05 | Scout Tower |
| 10:11 | Arcane Tower |
| 10:56 | Guard Tower |
| 10:58 | Scout Tower |
| 10:58 | Scout Tower |
| 10:59 | Scout Tower |
| 11:00 | Peasant |
| 11:00 | Peasant |
| 11:02 | Guard Tower |
| 11:03 | Scout Tower |
| 11:04 | Scout Tower |
| 11:31 | Guard Tower |
| 11:32 | Peasant |
| 11:37 | Guard Tower |
| 11:40 | Advanced Lumber Harvesting |
| 11:55 | Arcane Vault |
| 12:25 | Guard Tower |
| 12:27 | Guard Tower |
| 12:28 | Scout Tower |
| 12:28 | Scout Tower |
| 12:31 | Scout Tower |
| 12:31 | Scout Tower |
| 13:04 | Bash |
| 13:12 | Guard Tower |
| 13:53 | Holy Light |
| 14:06 | Guard Tower |
| 14:07 | Scout Tower |
| 14:07 | Scout Tower |
| 14:09 | Gryphon Aviary |
| 14:25 | Barracks |
| 14:26 | Blacksmith |
| 14:38 | Peasant |
| 14:38 | Peasant |
| 14:39 | Guard Tower |
| 14:40 | Scout Tower |
| 14:41 | Scout Tower |
| 14:42 | Scout Tower |
| 14:42 | Scout Tower |
| 14:46 | Guard Tower |
| 14:55 | Peasant |
| 14:56 | Peasant |
| 14:57 | Scout Tower |
| 14:58 | Scout Tower |
| 14:58 | Scout Tower |
| 14:59 | Scout Tower |
| 15:04 | Guard Tower |
| 15:07 | Arcane Vault |
| 15:18 | Orb of Lightning |
| 15:35 | Dragonhawk Rider |
| 15:35 | Dragonhawk Rider |
| 15:52 | Guard Tower |
| 15:56 | Summon Water Elemental |
| 16:05 | Iron Forged Swords |
| 16:05 | Studded Leather Armor |
| 16:22 | Gryphon Aviary |
| 16:23 | Animal War Training |
| 16:35 | Dragonhawk Rider |
| 16:35 | Gryphon Rider |
| 16:40 | Guard Tower |
| 16:42 | Farm |
| 16:51 | Guard Tower |
| 17:25 | Staff of Sanctuary |
| 17:30 | Orb of Lightning |
| 17:31 | Healing Salve |
| 17:36 | Storm Hammers |
| 17:36 | Cloud |
| 17:38 | Dragonhawk Rider |
| 17:38 | Gryphon Rider |
| 17:40 | Farm |
| 18:30 | Steel Forged Swords |
| 18:30 | Reinforced Leather Armor |
| 18:40 | Gryphon Rider |
| 19:05 | Boots of Speed |
| 19:05 | Staff of Teleportation |
| 19:05 | Circlet of Nobility |
| 19:16 | Periapt of Vitality |
| 19:41 | Storm Bolt |
| 19:45 | Divine Shield |
| 20:28 | Guard Tower |
| 20:29 | Farm |
| 20:30 | Farm |
| 20:30 | Farm |
| 20:31 | Farm |
| 20:31 | Farm |
| 20:47 | Mithril Forged Swords |
| 20:52 | Gryphon Aviary |
| 20:53 | Farm |
| 20:54 | Farm |
| 20:54 | Farm |
| 20:55 | Farm |
| 21:01 | Boots of Speed |
| 21:01 | Staff of Teleportation |
| 21:02 | Circlet of Nobility |
| 21:12 | Farm |
| 21:12 | Farm |
| 21:30 | Brilliance Aura |
| 21:57 | Dragonhide Armor |
| 22:31 | Circlet of Nobility |
| 22:33 | Periapt of Vitality |
| 22:33 | Boots of Speed |
| 22:40 | Staff of Teleportation |
| 23:10 | Dragonhawk Rider |
| 23:10 | Dragonhawk Rider |
| 23:10 | Dragonhawk Rider |
| 23:11 | Gryphon Rider |
| 23:11 | Gryphon Rider |
| 23:11 | Gryphon Rider |
| 23:48 | Staff of Sanctuary |
| 23:51 | Orb of Lightning |
| 23:57 | Staff of Sanctuary |
| 24:06 | Gryphon Rider |
| 24:07 | Dragonhawk Rider |
| 24:21 | Holy Light |
| Right click | 1470 |
| Select group | 747 |
| Assign group | 606 |
| Select | 431 |
| Build/train/purchase | 187 |
| Chat | 184 |
| Misc. action | 100 |
| Use ability | 49 |
| Item give/drop | 9 |
| Remove unit | 6 |



| Orb of Venom | 1 | 325 |
| Staff of Preservation | 1 | 150 |
| Staff of Teleportation | 3 | 450 |
| Boots of Speed | 4 | 1000 |
| Staff of Sanctuary | 3 | 750 |
| total: | 12 | 2675g |
| Wisp | 30 | 1800 | / | 0 |
| total: | 30 | 1800g | / | 0w |
| Altar of Elders | 1 | 180 | / | 50 |
| Moon Well | 14 | 2520 | / | 560 |
| Tree of Life | 10 | 3400 | / | 1850 |
| Ancient of Wonders | 1 | 90 | / | 30 |
| Hunter's Hall | 1 | 210 | / | 100 |
| Tree of Ages | 1 | 320 | / | 180 |
| Tree of Eternity | 1 | 330 | / | 200 |
| total: | 27 | 6400g | / | 2590w |
| 0:01 | Wisp |
| 0:03 | Altar of Elders |
| 0:11 | Wisp |
| 0:16 | Moon Well |
| 0:22 | Wisp |
| 0:42 | Wisp |
| 0:53 | Wisp |
| 1:03 | Moon Well |
| 1:12 | Wisp |
| 1:12 | Wisp |
| 1:26 | Wisp |
| 1:44 | Wisp |
| 2:06 | Force of Nature |
| 2:11 | Wisp |
| 2:43 | Wisp |
| 2:58 | Tree of Life |
| 3:00 | Wisp |
| 3:01 | Wisp |
| 3:28 | Wisp |
| 3:46 | Tree of Ages |
| 4:11 | Moon Well |
| 4:12 | Moon Well |
| 4:15 | Entangling Roots |
| 5:48 | Wisp |
| 5:48 | Wisp |
| 5:48 | Wisp |
| 5:48 | Wisp |
| 5:49 | Wisp |
| 5:59 | Staff of Teleportation |
| 6:03 | Boots of Speed |
| 6:03 | Boots of Speed |
| 6:40 | Soul Burn |
| 7:30 | Moon Well |
| 7:37 | Moon Well |
| 7:41 | Moon Well |
| 7:44 | Moon Well |
| 7:49 | Tree of Eternity |
| 8:34 | Moon Well |
| 8:36 | Moon Well |
| 8:41 | Boots of Speed |
| 8:47 | Wisp |
| 8:47 | Wisp |
| 8:48 | Wisp |
| 8:51 | Ancient of Wonders |
| 9:40 | Hunter's Hall |
| 10:59 | Staff of Teleportation |
| 11:11 | Staff of Teleportation |
| 11:12 | Boots of Speed |
| 11:26 | Frost Arrows |
| 11:28 | Staff of Sanctuary |
| 11:37 | Entangling Roots |
| 13:32 | Incinerate |
| 13:40 | Well Spring |
| 13:41 | Wisp |
| 13:41 | Wisp |
| 13:41 | Wisp |
| 14:03 | Tree of Life |
| 14:29 | Moon Well |
| 14:38 | Orb of Venom |
| 14:40 | Staff of Preservation |
| 15:03 | Staff of Sanctuary |
| 16:10 | Forked Lightning |
| 16:35 | Staff of Sanctuary |
| 17:03 | Wisp |
| 17:03 | Wisp |
| 17:03 | Wisp |
| 17:04 | Wisp |
| 17:05 | Wisp |
| 17:43 | Moon Well |
| 17:44 | Moon Well |
| 17:45 | Moon Well |
| 19:01 | Soul Burn |
| 19:20 | Force of Nature |
| 19:26 | Frost Arrows |
| 21:39 | Tree of Life |
| 23:30 | Forked Lightning |
| 24:01 | Incinerate |
| 24:05 | Entangling Roots |
| 24:58 | Tree of Life |
| 25:00 | Tree of Life |
| 25:01 | Tree of Life |
| 25:03 | Tree of Life |
| 25:10 | Tree of Life |
| 25:12 | Tree of Life |
| 25:14 | Tree of Life |
| Right click | 1804 |
| Select | 766 |
| Select group | 756 |
| Resource trade | 146 |
| Assign group | 82 |
| Build/train/purchase | 72 |
| Use ability | 59 |
| Minimap ping | 10 |
| Misc. action | 8 |
| Item give/drop | 7 |
| Chat | 7 |
164 units @ 24.8k
/ 4.1k
64 buildings @ 11k
/ 4.5k

| Scroll of Town Portal | 2 | 700 |
| total: | 2 | 700g |
| Wisp | 24 | 1440 | / | 0 |
| Archer | 4 | 520 | / | 40 |
| Huntress | 9 | 1755 | / | 180 |
| Glaive Thrower | 2 | 420 | / | 130 |
| Mountain Giant | 2 | 700 | / | 200 |
| Dryad | 2 | 290 | / | 120 |
| total: | 43 | 5125g | / | 670w |
| Ancient Protector | 7 | 945 | / | 560 |
| Ancient of War | 2 | 300 | / | 120 |
| Altar of Elders | 1 | 180 | / | 50 |
| Moon Well | 6 | 1080 | / | 240 |
| Hunter's Hall | 2 | 420 | / | 200 |
| Ancient of Wonders | 2 | 180 | / | 60 |
| Tree of Life | 4 | 1360 | / | 740 |
| Ancient of Lore | 1 | 155 | / | 145 |
| Tree of Ages | 1 | 320 | / | 180 |
| total: | 25 | 4620g | / | 2115w |
| 0:06 | Wisp |
| 0:13 | Ancient of War |
| 0:17 | Wisp |
| 0:32 | Altar of Elders |
| 0:39 | Wisp |
| 0:39 | Wisp |
| 0:46 | Moon Well |
| 0:49 | Wisp |
| 1:01 | Wisp |
| 1:14 | Wisp |
| 1:32 | Wisp |
| 1:46 | Wisp |
| 1:54 | Moon Well |
| 2:03 | Archer |
| 2:06 | Wisp |
| 2:39 | Force of Nature |
| 3:17 | Wisp |
| 4:04 | Moon Well |
| 4:28 | Hunter's Hall |
| 5:11 | Ancient of Wonders |
| 5:43 | Hunter's Hall |
| 6:00 | Archer |
| 6:00 | Archer |
| 6:12 | Wisp |
| 6:12 | Wisp |
| 6:13 | Wisp |
| 6:17 | Moon Well |
| 6:42 | Archer |
| 7:05 | Huntress |
| 7:08 | Ancient Protector |
| 7:14 | Ancient Protector |
| 7:18 | Ancient Protector |
| 7:20 | Wisp |
| 7:21 | Wisp |
| 7:41 | Ancient of Wonders |
| 8:20 | Ancient Protector |
| 8:25 | Ultravision |
| 8:28 | Tree of Ages |
| 8:35 | Ancient of War |
| 8:45 | Moon Well |
| 8:57 | Ancient Protector |
| 10:11 | Huntress |
| 10:12 | Sentinel |
| 10:23 | Moon Well |
| 10:49 | Scroll of Town Portal |
| 10:53 | Moon Glaive |
| 10:55 | Huntress |
| 10:55 | Huntress |
| 11:00 | Wisp |
| 11:02 | Wisp |
| 11:03 | Strength of the Moon |
| 11:18 | Huntress |
| 11:27 | Ancient Protector |
| 12:06 | Entangling Roots |
| 12:22 | Huntress |
| 12:57 | Glaive Thrower |
| 12:58 | Glaive Thrower |
| 13:44 | Huntress |
| 14:52 | Ancient of Lore |
| 15:52 | Thorns Aura |
| 16:09 | Huntress |
| 16:11 | Mountain Giant |
| 16:27 | Wisp |
| 16:28 | Wisp |
| 16:28 | Wisp |
| 16:35 | Tree of Life |
| 17:07 | Scroll of Town Portal |
| 17:15 | Wisp |
| 17:15 | Wisp |
| 17:15 | Wisp |
| 18:05 | Mountain Giant |
| 18:42 | Tree of Life |
| 19:21 | Dryad |
| 19:43 | Tree of Life |
| 20:53 | Tree of Life |
| 24:31 | Ancient Protector |
| 24:36 | Dryad |
| 25:14 | Huntress |
| Right click | 635 |
| Select | 478 |
| Misc. action | 149 |
| Build/train/purchase | 77 |
| Use ability | 47 |
| Minimap ping | 6 |
| Remove unit | 4 |
| Esc | 3 |

| Potion of Healing | 1 | 150 |
| Scroll of Town Portal | 1 | 350 |
| total: | 2 | 500g |
| Acolyte | 16 | 1200 | / | 0 |
| Ghoul | 14 | 1680 | / | 0 |
| Crypt Fiend | 13 | 2795 | / | 520 |
| Gargoyle | 10 | 1750 | / | 300 |
| Meat Wagon | 2 | 460 | / | 100 |
| Abomination | 2 | 480 | / | 140 |
| total: | 57 | 8365g | / | 1060w |
| Spirit Tower | 4 | 580 | / | 160 |
| Altar of Darkness | 1 | 180 | / | 50 |
| Ziggurat | 9 | 1350 | / | 450 |
| Crypt | 3 | 600 | / | 150 |
| Graveyard | 2 | 430 | / | 0 |
| Tomb of Relics | 1 | 130 | / | 30 |
| Necropolis | 1 | 225 | / | 0 |
| Slaughterhouse | 1 | 140 | / | 135 |
| Sacrificial Pit | 1 | 75 | / | 150 |
| Halls of the Dead | 2 | 640 | / | 420 |
| Black Citadel | 1 | 325 | / | 230 |
| total: | 19 | 3130g | / | 965w |
| 0:06 | Acolyte |
| 0:18 | Acolyte |
| 0:38 | Altar of Darkness |
| 0:43 | Ziggurat |
| 1:10 | Crypt |
| 1:12 | Crypt |
| 1:48 | Ziggurat |
| 1:53 | Graveyard |
| 2:14 | Ghoul |
| 2:14 | Ghoul |
| 2:47 | Ghoul |
| 2:58 | Sleep |
| 3:21 | Acolyte |
| 3:22 | Ghoul |
| 3:23 | Ghoul |
| 3:43 | Ghoul |
| 3:44 | Ghoul |
| 4:07 | Cannibalize |
| 4:10 | Ziggurat |
| 4:14 | Unholy Armor |
| 4:20 | Halls of the Dead |
| 4:39 | Spirit Tower |
| 4:44 | Ziggurat |
| 5:25 | Spirit Tower |
| 5:43 | Acolyte |
| 5:45 | Acolyte |
| 5:46 | Acolyte |
| 5:46 | Acolyte |
| 6:06 | Unholy Strength |
| 6:07 | Acolyte |
| 6:07 | Acolyte |
| 6:13 | Ghoul |
| 6:14 | Ghoul |
| 6:33 | Crypt Fiend |
| 6:34 | Crypt Fiend |
| 6:38 | Acolyte |
| 7:30 | Acolyte |
| 8:04 | Crypt Fiend |
| 8:05 | Crypt Fiend |
| 8:15 | Graveyard |
| 8:19 | Tomb of Relics |
| 8:21 | Crypt |
| 8:54 | Crypt Fiend |
| 9:15 | Vampiric Aura |
| 9:34 | Ghoul |
| 9:40 | Ziggurat |
| 9:41 | Acolyte |
| 10:25 | Ziggurat |
| 10:26 | Ziggurat |
| 11:21 | Ghoul |
| 11:21 | Crypt Fiend |
| 11:22 | Crypt Fiend |
| 12:09 | Halls of the Dead |
| 12:40 | Ghoul |
| 12:41 | Crypt Fiend |
| 12:54 | Crypt Fiend |
| 12:55 | Crypt Fiend |
| 12:55 | Crypt Fiend |
| 14:04 | Creature Carapace |
| 14:32 | Gargoyle |
| 14:33 | Gargoyle |
| 14:33 | Gargoyle |
| 14:45 | Black Citadel |
| 14:50 | Slaughterhouse |
| 14:55 | Web |
| 14:57 | Spirit Tower |
| 15:08 | Scroll of Town Portal |
| 15:13 | Gargoyle |
| 15:17 | Creature Attack |
| 15:54 | Gargoyle |
| 15:55 | Gargoyle |
| 16:12 | Meat Wagon |
| 16:36 | Gargoyle |
| 16:43 | Vampiric Aura |
| 17:25 | Sacrificial Pit |
| 17:34 | Necropolis |
| 18:43 | Ghoul |
| 19:04 | Gargoyle |
| 19:06 | Ghoul |
| 19:36 | Acolyte |
| 19:37 | Acolyte |
| 19:43 | Potion of Healing |
| 20:08 | Gargoyle |
| 20:18 | Gargoyle |
| 20:26 | Acolyte |
| 21:33 | Acolyte |
| 21:35 | Ziggurat |
| 21:36 | Ziggurat |
| 22:27 | Abomination |
| 22:31 | Spirit Tower |
| 23:02 | Meat Wagon |
| 24:07 | Abomination |
| 24:37 | Crypt Fiend |
| 24:38 | Crypt Fiend |
| Right click | 707 |
| Select | 395 |
| Select group | 199 |
| Misc. action | 103 |
| Build/train/purchase | 81 |
| Use ability | 25 |
| Assign group | 19 |
| Resource trade | 10 |
| Esc | 4 |
| Remove unit | 2 |
| Minimap ping | 1 |

| Wisp | 21 | 1260 | / | 0 |
| total: | 21 | 1260g | / | 0w |
| Moon Well | 2 | 360 | / | 80 |
| Altar of Elders | 1 | 180 | / | 50 |
| total: | 3 | 540g | / | 130w |
| 0:03 | Wisp |
| 0:03 | Wisp |
| 0:10 | Moon Well |
| 0:13 | Wisp |
| 0:27 | Wisp |
| 0:31 | Altar of Elders |
| 0:40 | Wisp |
| 0:41 | Wisp |
| 1:36 | Wisp |
| 1:37 | Wisp |
| 1:55 | Wisp |
| 1:55 | Wisp |
| 2:43 | Moon Well |
| 2:53 | Trueshot Aura |
| 6:01 | Wisp |
| 6:01 | Wisp |
| 6:01 | Wisp |
| 6:01 | Wisp |
| 6:02 | Wisp |
| 6:02 | Wisp |
| 6:02 | Wisp |
| 6:02 | Wisp |
| 8:30 | Wisp |
| 8:30 | Wisp |
| 8:30 | Wisp |
| Chat | 736 |
| Right click | 149 |
| Resource trade | 65 |
| Select | 53 |
| Minimap ping | 35 |
| Build/train/purchase | 27 |
| Misc. action | 2 |
| Use ability | 2 |
| Esc | 1 |

| Sacrificial Skull | 1 | 50 |
| Potion of Mana | 3 | 600 |
| Potion of Healing | 1 | 150 |
| Orb of Corruption | 1 | 375 |
| Scroll of Town Portal | 1 | 350 |
| total: | 7 | 1525g |
| Acolyte | 9 | 675 | / | 0 |
| Ghoul | 11 | 1320 | / | 0 |
| Crypt Fiend | 5 | 1075 | / | 200 |
| Frost Wyrm | 18 | 6930 | / | 2160 |
| total: | 43 | 10000g | / | 2360w |
| Nerubian Tower | 2 | 200 | / | 40 |
| Spirit Tower | 7 | 1015 | / | 280 |
| Altar of Darkness | 1 | 180 | / | 50 |
| Ziggurat | 9 | 1350 | / | 450 |
| Crypt | 1 | 200 | / | 50 |
| Graveyard | 1 | 215 | / | 0 |
| Tomb of Relics | 1 | 130 | / | 30 |
| Sacrificial Pit | 1 | 75 | / | 150 |
| Boneyard | 3 | 525 | / | 600 |
| Halls of the Dead | 1 | 320 | / | 210 |
| Black Citadel | 1 | 325 | / | 230 |
| total: | 17 | 2675g | / | 1330w |
| 0:05 | Acolyte |
| 0:05 | Acolyte |
| 0:15 | Altar of Darkness |
| 0:18 | Ziggurat |
| 0:48 | Crypt |
| 0:56 | Ziggurat |
| 1:53 | Ghoul |
| 1:53 | Ghoul |
| 2:08 | Ghoul |
| 2:25 | Impale |
| 2:53 | Halls of the Dead |
| 3:01 | Ziggurat |
| 3:29 | Ghoul |
| 3:37 | Graveyard |
| 3:41 | Ghoul |
| 3:41 | Ghoul |
| 4:41 | Ghoul |
| 4:41 | Ghoul |
| 4:50 | Tomb of Relics |
| 5:22 | Crypt Fiend |
| 5:22 | Crypt Fiend |
| 6:06 | Black Citadel |
| 6:08 | Nerubian Tower |
| 6:09 | Spirit Tower |
| 6:27 | Spiked Carapace |
| 7:21 | Crypt Fiend |
| 7:21 | Crypt Fiend |
| 8:05 | Crypt Fiend |
| 8:29 | Acolyte |
| 8:29 | Acolyte |
| 8:32 | Acolyte |
| 8:40 | Sacrificial Pit |
| 8:49 | Sacrificial Skull |
| 8:56 | Web |
| 9:14 | Acolyte |
| 9:15 | Acolyte |
| 9:23 | Ziggurat |
| 9:25 | Acolyte |
| 9:25 | Acolyte |
| 10:09 | Ziggurat |
| 10:15 | Boneyard |
| 10:45 | Boneyard |
| 11:16 | Boneyard |
| 12:01 | Creature Attack |
| 12:01 | Creature Carapace |
| 12:26 | Frost Wyrm |
| 12:27 | Frost Wyrm |
| 12:37 | Frost Wyrm |
| 12:58 | Ziggurat |
| 13:03 | Ziggurat |
| 13:50 | Frost Wyrm |
| 13:56 | Potion of Mana |
| 13:59 | Potion of Healing |
| 14:01 | Orb of Corruption |
| 14:04 | Frost Wyrm |
| 14:08 | Frost Wyrm |
| 15:01 | Freezing Breath |
| 15:23 | Improved Creature Attack |
| 16:11 | Impale |
| 16:26 | Frost Wyrm |
| 16:28 | Frost Wyrm |
| 16:33 | Ghoul |
| 16:33 | Ghoul |
| 16:34 | Ghoul |
| 16:47 | Frost Wyrm |
| 17:21 | Improved Creature Carapace |
| 17:45 | Frost Wyrm |
| 17:50 | Frost Wyrm |
| 18:10 | Frost Wyrm |
| 18:12 | Potion of Mana |
| 18:15 | Potion of Mana |
| 18:21 | Scroll of Town Portal |
| 18:27 | Frost Wyrm |
| 18:34 | Spirit Tower |
| 18:36 | Nerubian Tower |
| 18:56 | Spirit Tower |
| 18:58 | Spirit Tower |
| 19:04 | Spirit Tower |
| 19:16 | Ziggurat |
| 19:32 | Ziggurat |
| 20:27 | Spirit Tower |
| 20:29 | Spirit Tower |
| 21:10 | Frost Wyrm |
| 21:32 | Advanced Creature Attack |
| 21:34 | Advanced Creature Carapace |
| 22:47 | Frost Wyrm |
| 24:03 | Frost Wyrm |
| 24:04 | Frost Wyrm |
| 24:12 | Frost Wyrm |
| Select | 318 |
| Right click | 279 |
| Select group | 160 |
| Build/train/purchase | 76 |
| Use ability | 15 |
| Assign group | 9 |
| Remove unit | 1 |
⇛